 Dungeon Crawl Stone Soup version 0.32-a0-768-g0f6f1dd4b9 (webtiles) character file.

Game seed: 4348359979028480337

178 Drazool the Grave Robber (level 5, -2/35 HPs)
             Began as a Mummy Necromancer on Mar 18, 2024.
             Slain by a gnoll bouda
             ... wielding a +0 whip
              (10 damage)
             ... on level 4 of the Dungeon.
             The game lasted 00:07:51 (3048 turns).

Drazool the Grave Robber (Mummy Necromancer)        Turns: 3048, Time: 00:07:52

Health: -2/35      AC:  2    Str: 12    XL:     5   Next: 32%
Magic:  0/12       EV: 11    Int: 19    God:
Gold:   281        SH:  0    Dex: 12    Spells: 6/14 levels left

rFire   x . .        f - +1 flail "Ompanyhi" {freeze, rElec Int+3}
rCold   + . .        (no shield)
rNeg    + + +        a - +0 robe
rPois   ∞            (no helmet)
rElec   +            (no cloak)
rCorr   .            (no gloves)
SInv    .            (no boots)
Will    .....        i - amulet of regeneration
Stlth   ++           (no ring)
HPRegen 1.05/turn    (no ring)
MPRegen 0.13/turn

%: faith
@: weakened
A: cold resistance 1, negative energy resistance 3, torment resistance 2, heat
vulnerability 1, in touch with death 1, no potions, faith
a: no special abilities


You were on level 4 of the Dungeon.
You visited 1 branch of the dungeon, and saw 4 of its levels.

You collected 281 gold pieces.


Innate Abilities, Weirdness & Mutations

You are immune to poison.
Your flesh is cold resistant. (rC+)
You are immune to negative energy. (rN+++)
You are immune to unholy pain and torment.
You are vulnerable to heat. (rF-)
You are in touch with the powers of death.
You do not drink.
You have a special connection with the divine. (Faith)


   Skills:
 - Level 1.5 Dodging
 - Level 1.5 Stealth
 - Level 5.0 Spellcasting
 + Level 5.6 Necromancy


You had 6 spell levels left.
You knew the following spells:

 Your Spells              Type           Power      Damage    Failure   Level
a - Animate Dead          Necr           39%        N/A       12%         4
v - Vampiric Draining     Necr           39%        2d8       3%          3
X - Necrotise             Necr           100%       1d9       1%          1

Your spell library contained the following spells:

 Spells                   Type           Power      Damage    Failure   Level
 Curse of Agony           Necr           39%        N/A       34%         5

Inventory:

Hand Weapons
 f - the +1 flail "Ompanyhi" (weapon) {freeze, rElec Int+3}
   (You found it on level 2 of the Dungeon)

   Int+3:     It affects your intelligence (+3).
   rElec:     It insulates you from electricity.
Missiles
 j - 5 poisoned darts
Armour
 a - a +0 robe (worn)
Jewellery
 i - an amulet of regeneration (around neck)
 k - an amulet of guardian spirit
 C - a ring of ice
Scrolls
 b - a scroll of fog
 c - a scroll of immolation
 e - a scroll of revelation
 g - a scroll of poison
 h - a scroll of teleportation {unknown}
 l - a scroll of brand weapon {unknown}

Dungeon Overview and Level Annotations

Branches:
Dungeon (4/15)
 Temple: D:4-7

Altars:

Shops:
D:2

( ..... #.##..#........
...... #.##...........
#....###
###.##.##.#.)....
.#.#....# #....
...#...... ........###
#.#.##+####......
##.####.).#
#.#..............
###.####.#..............
#..)##................
###.g@..#.........####
###g..#.........#
#..h#.........##
#.>.#..........#
..........#....#
..........^#....#
............#....#
............######
..........#


You could see a gnoll bouda (ally target), a friendly hound (summoned) and a
friendly hobgoblin (summoned).


Message History

Your gnoll skeleton is destroyed!
Aiming: Necrotise (safe; 1% risk of failure)
Press: ? - help, Q - select action, (/) - cycle Shift-Dir - straight line, f/p - gnoll bouda
Aim: a gnoll bouda, wielding a +0 whip and wearing a +0 robe (moderately wounded, chance to affect: 83%)
You feel a surge of power!
The gnoll bouda writhes in agony.
Unknown command.
You closely miss the gnoll bouda.
The gnoll bouda is heavily wounded.
The gnoll bouda gazes fiercely through you!
You feel as though you will be weak longer.
The gnoll bouda hits you with a +0 whip!
* * * LOW HITPOINT WARNING * * *
Unknown command.
Casting: Necrotise (safe; 1% risk of failure)
Confirm with . or Enter, or press ? or * to list all spells.
Aiming: Vampiric Draining (dangerous; 3% risk of failure)
Press: ? - help, Shift-Dir - straight line, f/p - gnoll bouda
Aim: a gnoll bouda, wielding a +0 whip and wearing a +0 robe (heavily wounded)
You feel a surge of power!
You draw life force from the gnoll bouda.
You feel life coursing into your body.
The gnoll bouda hits you with a +0 whip!
* * * LOW HITPOINT WARNING * * *
Unknown command.
Unknown command.
You aren't carrying any items that you can evoke.
As you read the scroll of summoning, it crumbles to dust.
Wisps of shadow whirl around you...
The gnoll bouda hits you with a +0 whip!
You die...

Skill      XL: |  1  2  3  4 |
---------------+-------------+-----
Spellcasting   | 3 4 5 |  5.0
Necromancy     | 5 |  5.6
Dodging        | |  1.5
Stealth        | |  1.5

Action                     |  1- 3 |  4- 6 || total
---------------------------+-------+-------++-------
  Melee: Hand axe          |     1 |       ||     1
         Flail             |     3 |    10 ||    13
   Cast: Necrotise         |    59 |    47 ||   106
         Vampiric Draining |       |     5 ||     5
    Use: Scroll            |     1 |     5 ||     6
 Armour: Robe              |     2 |    11 ||    13
  Dodge: Dodged            |     4 |    20 ||    24

Levels and vault maps discovered:
D:1:      scummos_arrival_forest, layout_basic
D:2:      layout_rooms, serial_shops, shop
D:3:      layout_loops_ring, zin_statuary, chequers_serial_rivers_micro_d,
          minmay_gold_behind_fungi, dk_noncrumbling_2, nrook_loot_triangle
D:4:      layout_basic, mainiacjoe_overflow_swirl,
          hangedman_abyss_or_decor_jellyfish_corner, kennysheep_generic_room_6

Notes
Turn   | Place    | Note
-------+----------+-------------------------------------------
     0 | D:1      | Drazool the Mummy Necromancer began the quest for the Orb.
     0 | D:1      | Reached XP level 1. HP: 13/13 MP: 4/4
    14 | D:1      | Reached skill level 3 in Spellcasting
    14 | D:1      | Reached XP level 2. HP: 19/19 MP: 1/6
   216 | D:1      | Reached skill level 4 in Spellcasting
   472 | D:1      | Reached XP level 3. HP: 23/24 MP: 5/8
   476 | D:1      | Learned a level 3 spell: Vampiric Draining
  1345 | D:2      | Reached skill level 5 in Spellcasting
  1402 | D:2      | Identified the +1 flail "Ompanyhi" {freeze, rElec Int+3}
  1464 | D:2      | Found Ququkost's Weapon Shop.
  1581 | D:2      | Reached XP level 4. HP: 30/30 MP: 7/11
  2028 | D:3      | Learned a level 4 spell: Animate Dead
  2796 | D:4      | Reached skill level 5 in Necromancy
  2804 | D:4      | Noticed a scorpion
  2882 | D:4      | Reached XP level 5. HP: 35/35 MP: 5/12
  3048 | D:4      | Slain by a gnoll bouda

Vanquished Creatures
  An iguana (D:4)
  4 gnolls
  5 adders
  A ribbon worm (D:3)
  An orc (D:4)
  6 ball pythons
  4 endoplasms (D:1)
  A giant cockroach (D:1)
  4 goblins
  7 hobgoblins
  4 jackals (D:1)
  6 quokkas
  9 bats
  3 frilled lizards
  7 kobolds
  2 rats
65 creatures vanquished.

Vanquished Creatures (collateral kills)
  A ball python (D:2)
  A kobold (D:1)
2 creatures vanquished.

Grand Total: 67 creatures vanquished

Table legend: (Time is in decaauts)
 A = Elapsed time spent in this place.
 B = Non-inter-level travel time spent in this place.
 C = Inter-level travel time spent in this place.
 D = Time resting spent in this place.
 E = Time spent auto-exploring this place.
 F = Levels seen in this place.
 G = Mean time per level.
                   A        B        C        D        E       F      G
               +--------+--------+--------+--------+--------+-----+--------+
         Total |   3052 |   2961 |     91 |     30 |   2455 |   4 |  763.0 |
       Dungeon |   3052 |   2961 |     91 |     30 |   2455 |   4 |  763.0 |
               +--------+--------+--------+--------+--------+-----+--------+

Top non-repeatable levels by time:
     D:1: 1317 daAuts
     D:3: 928 daAuts
     D:2: 573 daAuts
     D:4: 233 daAuts

Table legend:
 A = Non-vault XP
 B = Vault XP
 C = Vault XP percentage of total XP
 D = Non-vault monster count
 E = Vault monster count
 F = Vault count percentage of total count
                 A         B        C        D         E       F
            +---------+---------+-------+---------+---------+-------
      Total |     255 |       0 |   0.0 |      67 |       0 |   0.0
            +---------+---------+-------+---------+---------+-------
        D:1 |      65 |       0 |   0.0 |      32 |       0 |   0.0
        D:2 |      46 |       0 |   0.0 |      15 |       0 |   0.0
        D:3 |      58 |       0 |   0.0 |      13 |       0 |   0.0
        D:4 |      86 |       0 |   0.0 |       7 |       0 |   0.0
            +---------+---------+-------+---------+---------+-------
